 Dungeon Crawl Stone Soup version 0.28.0 (webtiles) character file.

Game seed: 555182251596775815

44 crazypyro the Digger (level 3, 0/19 HPs)
             Began as a Gargoyle Earth Elementalist on Feb 7, 2022.
             Slain by a hound (3 damage)
             ... on level 5 of the Dungeon.
             The game lasted 00:02:46 (1510 turns).

crazypyro the Digger (Gargoyle Earth Elementalist)  Turns: 1510, Time: 00:02:46

Health: 0/19       AC:  6    Str: 11    XL:     3   Next: 62%
Magic:  6/6        EV: 12    Int: 17    God:
Gold:   48         SH:  0    Dex: 10    Spells: 3/7 levels left

rFire   . . .      SeeInvis .   e - +0 club
rCold   . . .      Faith    .   (no shield)
rNeg    + . .      Spirit   .   b - +0 robe
rPois   ∞          Reflect  .   k - +0 helmet
rElec   +          Harm     .   (no cloak)
rCorr   .          Rampage  .   (no gloves)
Will    .....                   (no boots)
Stlth   ++........              (no amulet)
HPRegen 0.06/turn               (no ring)
MPRegen 0.10/turn               (no ring)

@: no status effects
A: sickness immunity, AC +3, negative energy resistance 1, electricity
resistance, torment resistance 1, petrification resistance
a: no special abilities


You were on level 5 of the Dungeon.
You visited 1 branch of the dungeon, and saw 4 of its levels.

You collected 48 gold pieces.

Inventory:

Hand Weapons
 e - a +0 club (weapon)
Armour
 b - a +0 robe (worn)
 k - a +0 helmet (worn)
Jewellery
 f - a +6 ring of dexterity
 g - an amulet of regeneration
 n - a ring of willpower
Scrolls
 a - a scroll of enchant weapon {unknown}
 d - a scroll of fear {unknown}
 h - a scroll of noise {unknown}
 j - a scroll of amnesia {unknown}
 o - a scroll of immolation {unknown}
Potions
 c - a potion of degeneration {unknown}
 i - 2 potions of haste {unknown}
 l - a potion of magic {unknown}
 m - a potion of invisibility {unknown}


   Skills:
 + Level 1.1 Maces & Flails
 - Level 1.7 Dodging
 - Level 2.4 Stealth
 + Level 2.5 Spellcasting
 - Level 1.0 Transmutations
 + Level 4.2 Earth Magic


You had 3 spell levels left.
You knew the following spells:

 Your Spells              Type           Power      Damage    Failure   Level
a - Sandblast             Erth           32%        2d9       3%          1
b - Stone Arrow           Conj/Erth      18%        3d8       24%         3

Your spell library contained the following spells:

 Spells                   Type           Power      Damage    Failure   Level
 Passwall                 Tmut/Erth      9%         N/A       10%         2
 Petrify                  Tmut/Erth      11%        N/A       52%         4


Dungeon Overview and Level Annotations

Branches:
Dungeon (5/15)
 Temple: D:4-7

Altars:


Innate Abilities, Weirdness & Mutations

You are immune to sickness and miasma.
Your stone body is resilient. (AC +3)
You are immune to poison.
You resist negative energy. (rN+)
You are resistant to electric shocks. (rElec)
You are resistant to unholy torment.
You are immune to petrification.


Message History

A hound comes into view.
A gnoll shaman comes into view. It is wielding a +0 club.
Found a stone staircase leading down.
The kobold barely misses you. The hound bites you but does no damage.
A jackal and a hobgoblin come into view.
The jackal barks!
The hound barely misses you. The kobold misses you.
An ogre comes into view. It is wielding a +0 giant spiked club.
The ogre shouts!
The orc hits you with a +0 short sword.
The kobold throws a stone.
The stone closely misses you. The orc hits you with a +0 short sword.
The gnoll barely misses you. The orc closely misses you. The hound bites you.
The gnoll shaman calls upon its god to speed up the gnoll.
The gnoll seems to speed up.
The hound bites you.
A gnoll comes into view. It is wielding a +0 spear.
Found a scroll labelled GIKKARE GAMNIU.
The gnoll misses you. The hound bites you. The jackal misses you.
There is a stone staircase leading down here.
The hound closely misses you. The gnoll barely misses you.
The jackal closely misses you.
You climb downwards.
Found a stone staircase leading down.
There is a stone staircase leading up here.
Casting: Sandblast (safe; 3% risk of failure)
Confirm with . or Enter, or press ? or * to list all spells.
The spell is potentially lethal to miscast (24% risk of failure)!
Continue anyway?
Okay, then.
Casting: Stone Arrow (potentially lethal; 24% risk of failure)
Confirm with . or Enter, or press ? or * to list all spells.
Okay, then.
You completely miss the jackal. The hound closely misses you.
The jackal barely misses you. The hound bites you. The jackal misses you.
You hit the jackal but do no damage. The hound bites you.
* * * LOW HITPOINT WARNING * * *
The jackal barely misses you. The hound bites you.
You die...

#### #@.#
#.....hh.#
...>........#
..............#
#..............
##............#
###..........#
###.....####


You could see a hound and a jackal.

Vanquished Creatures
  A worm (D:2)
  2 ball pythons (D:1)
  4 endoplasms
  3 giant cockroaches (D:2)
  4 goblins
  4 hobgoblins
  4 jackals (D:2)
  2 quokkas
  2 bats (D:1)
  7 frilled lizards (D:1)
  A kobold (D:1)
  4 rats
38 creatures vanquished.

Notes
Turn   | Place    | Note
-------+----------+-------------------------------------------
     0 | D:1      | crazypyro the Gargoyle Earth Elementalist began the quest
                  | for the Orb.
     0 | D:1      | Reached XP level 1. HP: 10/10 MP: 3/3
   305 | D:1      | Reached skill level 1 in Transmutations
   305 | D:1      | Reached XP level 2. HP: 15/15 MP: 3/5
   978 | D:1      | Reached skill level 4 in Earth Magic
  1057 | D:2      | Reached XP level 3. HP: 16/19 MP: 4/6
  1099 | D:2      | Learned a level 3 spell: Stone Arrow
  1255 | D:2      | Reached skill level 1 in Maces & Flails
  1491 | D:2      | You fall into a shaft and drop 2 floors!
  1497 | D:4      | Noticed an ogre
  1508 | D:5      | Entered Level 5 of the Dungeon
  1510 | D:5      | Slain by a hound

Illustrated notes

Levels and vault maps discovered:
D:1:      dpeg_arrival_triangle_fractal, layout_loops_corners
D:2:      layout_loops_cross, basic_altar, hellmonk_ecumenical_altar_crossroads,
          hangedman_decor_lopped, st_stairs_2, uniq_robin
D:4:      layout_rooms, grunt_dithmenos_smoke_and_mirrors, uniq_menkaure,
          uniq_grinder
D:5:      layout_cave_pods

Skill      XL: |  1  2  3 |
---------------+----------+-----
Transmutations | 1 |  1.0
Earth Magic    | 4 |  4.2
Maces & Flails | 1 |  1.1
Dodging        | |  1.7
Stealth        | |  2.4
Spellcasting   | |  2.5

Action                   || total
-------------------------++-------
Melee: Club              ||    72
 Cast: Sandblast         ||    30
 Stab: Sleeping          ||     4
Armor: Robe              ||    42
Dodge: Dodged            ||    76
